 Dungeon Crawl Stone Soup version 0.28-a0-723-g095bd1b44f (webtiles) character file.

Game seed: 5924818168883458529

5 Sabo the Chopper (level 1, -14/16 HPs)
             Began as a Demonspawn Gladiator on Oct 25, 2021.
             Demolished by a kobold (15 damage)
             ... on level 1 of the Dungeon.
             The game lasted 00:01:20 (300 turns).

Sabo the Chopper (Demonspawn Gladiator)              Turns: 300, Time: 00:01:21

Health: -14/16     AC:  6    Str: 14    XL:     1   Next: 66%
Magic:  1/1        EV: 11    Int:  9    God:
Gold:   11         SH:  0    Dex: 14    Spells: 0/0 levels left

rFire   . . .      SeeInvis .   a - +0 war axe
rCold   . . .      Faith    .   (no shield)
rNeg    . . .      Spirit   .   g - +0 ring mail
rPois   .          Reflect  .   c - +0 helmet
rElec   .          Harm     .   (no cloak)
rCorr   .          Rampage  .   (no gloves)
Will    .....                   (no boots)
Stlth   +.........              (no amulet)
HPRegen 0.05/turn               (no ring)
MPRegen 0.07/turn               (no ring)

@: no status effects
A: no striking features
a: no special abilities


You were on level 1 of the Dungeon.
You visited 1 branch of the dungeon, and saw 1 of its levels.

You collected 11 gold pieces.

Inventory:

Hand Weapons
 a - a +0 war axe (weapon)
Missiles
 d - 3 throwing nets (quivered)
Armour
 b - a +0 leather armour
 c - a +0 helmet (worn)
 e - a +0 chain mail
 g - a +0 ring mail (worn)
Scrolls
 f - a scroll of identify {unknown}


   Skills:
 + Level 2.0 Fighting
 + Level 2.8 Axes
 + Level 1.8 Throwing
 + Level 2.8 Dodging


You couldn't memorise any spells.
You didn't know any spells.
Your spell library contained the following spells:

 Spells                   Type           Power      Damage    Failure   Level
 Corpse Rot               Necr/Air       0%         N/A       77%         2
 Dispel Undead            Necr           0%         3d6       100%        4
 Death Channel            Necr           0%         N/A       100%        6


Dungeon Overview and Level Annotations

Branches:
Dungeon (1/15)

Altars:


Message History

Found 11 gold pieces.
The goblin shouts!
The goblin moves out of view.
As you open the door, it creaks loudly!
You hear a shout!
You hit the goblin.
The goblin is moderately wounded.
The goblin closely misses you. The goblin hits you with a +0 club.
You hit the goblin.
You kill the goblin!
You see here a +0 club.
You open the door.
There is an open door here.
There is an open door here.
You now have 11 gold pieces.
A goblin comes into view. It is wielding a +0 dagger.
You slash the goblin!
You kill the goblin!
Things that are here:
a +0 dagger; a goblin corpse
Things that are here:
a +0 dagger; a goblin corpse
Found 16 stones.
Found 10 stones.
A kobold comes into view.
It is wielding a +1 dagger of electrocution.
The kobold shouts!
You see here 10 stones.
You closely miss the kobold. The kobold hits you but does no damage.
You completely miss the kobold. The kobold closely misses you.
You barely miss the kobold. The kobold hits you but does no damage.
The kobold closely misses you.
You hit the kobold.
The kobold is severely wounded.
The kobold hits you but does no damage.
You are electrocuted!
Ouch! That really hurt!
* * * LOW HITPOINT WARNING * * *
You closely miss the kobold.
The kobold is severely wounded.
The kobold hits you but does no damage.
You are electrocuted!
Ouch! That really hurt!
You die...

######
...... #.#
#.# #.# #.#
#.# #.# #K#
#@# #(# #.#
## #.# .#
#.# .#
#########.#
.#
#.........#
.#
#.#########
.# #.#


You could see a kobold.

Vanquished Creatures
  2 goblins (D:1)
  A hobgoblin (D:1)
  A quokka (D:1)
4 creatures vanquished.

Notes
Turn   | Place    | Note
-------+----------+-------------------------------------------
     0 | D:1      | Sabo the Demonspawn Gladiator began the quest for the Orb.
     0 | D:1      | Reached XP level 1. HP: 16/16 MP: 1/1
   300 | D:1      | Demolished by a kobold

Illustrated notes

Levels and vault maps discovered:
D:1:      shiori_arrival_oz, layout_basic

Action                   || total
-------------------------++-------
Melee: War axe           ||    12
Armor: Ring mail         ||     7
Dodge: Dodged            ||     4

Table legend: (Time is in decaauts)
 A = Elapsed time spent in this place.
 B = Non-inter-level travel time spent in this place.
 C = Inter-level travel time spent in this place.
 D = Time resting spent in this place.
 E = Time spent auto-exploring this place.
 F = Levels seen in this place.
 G = Mean time per level.
                   A        B        C        D        E       F      G
               +--------+--------+--------+--------+--------+-----+--------+
         Total |    304 |    304 |      0 |      0 |      0 |   1 |  304.0 |
       Dungeon |    304 |    304 |      0 |      0 |      0 |   1 |  304.0 |
               +--------+--------+--------+--------+--------+-----+--------+

Top non-repeatable levels by time:
     D:1: 304 daAuts
